 Dungeon Crawl Stone Soup version 0.31-a0-845-g9abc20d24f (webtiles) character file.

Game seed: 12758329531521706019

7 randomguy2701 the Slasher (level 2, 23/23 HPs)
             Began as a Gnoll Wanderer on Oct 1, 2023.
             Quit the game on level 1 of the Dungeon.
             The game lasted 00:00:18 (172 turns).

randomguy2701 the Slasher (Gnoll Wanderer)           Turns: 172, Time: 00:00:19

Health: 23/23      AC:  4    Str: 11    XL:     2   Next: 0%
Magic:  2/2        EV: 11    Int:  8    God:
Gold:   10         SH:  0    Dex: 14    Spells: 1/1 levels left

rFire   . . .        a - +2 falchion
rCold   . . .        (no shield)
rNeg    . . .        e - +0 leather armour
rPois   .            (no helmet)
rElec   .            (no cloak)
rCorr   .            c - +0 pair of gloves
SInv    .            (no boots)
Will    .....        (no amulet)
Stlth   ++           (no ring)
HPRegen 0.23/turn    (no ring)
MPRegen 0.08/turn

%: no passive effects
@: no status effects
A: fangs 1, strong nose, distributed training
a: no special abilities


You were on level 1 of the Dungeon.
You visited 1 branch of the dungeon, and saw 1 of its levels.

You collected 10 gold pieces.

Inventory:

Hand Weapons
 a - a +2 falchion (weapon)
 b - a +0 short sword
Armour
 c - a +0 pair of gloves (worn)
 e - a +0 leather armour (worn)
Scrolls
 d - a scroll of fear
 f - a scroll of identify {unknown}


   Skills:
 + Level 2.4 Fighting
 + Level 4.4 Short Blades
 + Level 6.4 Long Blades
 + Level 0.2 Axes
 + Level 0.2 Maces & Flails
 + Level 0.2 Polearms
 + Level 0.2 Staves
 + Level 0.2 Ranged Weapons
 + Level 0.2 Throwing
 + Level 2.4 Armour
 + Level 0.2 Dodging
 + Level 4.0 Stealth
 + Level 0.2 Shields
 + Level 0.2 Unarmed Combat
 + Level 0.2 Spellcasting
 + Level 0.1 Conjurations
 + Level 0.1 Hexes
 + Level 0.1 Summonings
 + Level 0.1 Necromancy
 + Level 0.1 Translocations
 + Level 0.1 Transmutations
 + Level 0.1 Fire Magic
 + Level 0.1 Ice Magic
 + Level 0.1 Air Magic
 + Level 0.1 Earth Magic
 + Level 0.1 Poison Magic
 + Level 0.3 Invocations
 + Level 2.4 Evocations
 + Level 0.2 Shapeshifting


You had one spell level left.
You didn't know any spells.
Your spell library was empty.

Dungeon Overview and Level Annotations

Branches:
Dungeon (1/15)

Altars:


Innate Abilities, Weirdness & Mutations

You have very sharp teeth.
Your uncanny sense of smell can sniff out nearby items.
Your experience applies equally to all skills.


Message History

No target in view!
No target in view!
No target in view!
Things that are here:
a +0 dagger; a goblin corpse You now have 10 gold pieces.
Found 8 stones.
An endoplasm comes into view.
An endoplasm is nearby!
A ball python comes into view.
You barely miss the endoplasm. Your bite misses the endoplasm.
The ball python hisses angrily.
You hit the endoplasm.
The endoplasm is severely wounded.
The endoplasm freezes you.
You are frozen.
You hit the endoplasm.
You kill the endoplasm!
The ball python bites you. The ball python grabs you.
The ball python constricts you.
You barely miss the ball python. The ball python closely misses you.
The ball python constricts you.
You closely miss the ball python.
The ball python bites you but does no damage.
The ball python constricts you.
You hit the ball python.
You kill the ball python!
No target in view!
No target in view!
You see here a ball python corpse.
You open the door.
There is an open door here.
A giant cockroach comes into view.
A giant cockroach is nearby!
A giant cockroach is nearby!
A ball python comes into view.
You slash the giant cockroach!
You kill the giant cockroach!
You have reached level 2!
Are you sure you want to abandon this character and quit the game? (Confirm with "yes".)

..# ### .# # #.# #.##.# # #
##.###....... ############
#.......##.# ...........#
#..........# ..########.#
######.......#.(# ..# #.#
#....'.......#..# #.##
#.#.##.####.......#..# #..##
#.#....@.#####.#†##..# #...#
#.####.#†# #.#.##..###
#...######.# #.#.# #..........
###.#...##.# #.#.# #...######.
#.....##.# #.#.........# #....
#.....##.####.########..# #.##.
##..†......##S. .....# #.##.
###...##.#..#########...###.###
#...................>..>....#


You could see a ball python (asleep).

Vanquished Creatures
  A ball python (D:1)
  An endoplasm (D:1)
  A giant cockroach (D:1)
  A goblin (D:1)
  2 rats (D:1)
6 creatures vanquished.

Notes
Turn   | Place    | Note
-------+----------+-------------------------------------------
     0 | D:1      | randomguy2701 the Gnoll Wanderer began the quest for the
                  | Orb.
     0 | D:1      | randomguy2701 set off with the following items: a +2
                  | falchion, a +0 short sword, a +0 pair of gloves, a scroll
                  | of fear, a +0 leather armour.
     0 | D:1      | Reached XP level 1. HP: 17/17 MP: 1/1
   172 | D:1      | Reached XP level 2. HP: 23/23 MP: 2/2
   172 | D:1      | Quit the game

Illustrated notes

Levels and vault maps discovered:
D:1:      psy_arrival_basics, layout_basic, minmay_tromino_v4_a

Action                     || total
---------------------------++-------
  Melee: Falchion          ||    14
   Stab: Sleeping          ||     2
 Armour: Leather armour    ||     5
  Dodge: Dodged            ||     3

Table legend: (Time is in decaauts)
 A = Elapsed time spent in this place.
 B = Non-inter-level travel time spent in this place.
 C = Inter-level travel time spent in this place.
 D = Time resting spent in this place.
 E = Time spent auto-exploring this place.
 F = Levels seen in this place.
 G = Mean time per level.
                   A        B        C        D        E       F      G
               +--------+--------+--------+--------+--------+-----+--------+
         Total |    171 |    171 |      0 |      0 |    135 |   1 |  171.0 |
       Dungeon |    171 |    171 |      0 |      0 |    135 |   1 |  171.0 |
               +--------+--------+--------+--------+--------+-----+--------+

Top non-repeatable levels by time:
     D:1: 171 daAuts
